AoeStats
← MattAtArms

Arabian Desert

518091902Analyzed
1v1 RM · 4d ago on Nov 1, 2026· 36m 9s· 2 players
Game mode
Random Map
Map size
Tiny (2 player)
Population
200
Speed
Normal
Resources
Standard
Victory
Conquest
Starting age
Dark Age
Ending age
Imperial Age
RankedLock teamsTeams togetherTeam positionsShared explorationLock speedFull tech treeHidden civsTurbo modeCheats
Victory
Defeat
🇬🇧 Chinese · United Kingdom
1917
+14
vs
🇩🇪 Japanese · Germany
1871
-14
L0has
6:34 Loom
9:03 Feudal Age
9:30 Man-at-Arms
9:56 Double-Bit Axe
9:52 Horse Collar
15:40 Fletching
17:56 Padded Archer Armor
20:04 Arson
23:45 Castle Age
24:37 Long Swordsman
33:21 Bow Saw
MattAtArms
0:25 Loom
8:18 Feudal Age
8:48 Double-Bit Axe
11:39 Horse Collar
12:20 Fletching
21:12 Castle Age
19:35 Gold Mining
20:14 Padded Archer Armor
21:16 Crossbowman
21:52 Bodkin Arrow
22:08 Bow Saw
24:48 Wheelbarrow
23:58 Town Watch
28:02 Ballistics
29:51 Hand Cart
34:39 Imperial Age
33:18 Leather Archer Armor
33:18 Thumb Ring
33:39 Heavy Plow
35:39 Bracer
36:43 Chemistry
35:34 Arbalester
Connection lost

Rejoining the realm…

Still unreachable

The connection could not be restored.

Session expired

The server has moved on; the page needs a fresh start.